 Dungeon Crawl Stone Soup version 0.16.0-17-g811c1d7 (webtiles) character file.

123 Akrius the Sneak (level 5, -2/35 HPs)
             Began as an Octopode Assassin on Mar 21, 2015.
             Slain by Duvessa
             ... wielding a +1 rapier of venom
              (10 damage)
             ... on level 4 of the Dungeon.
             The game lasted 00:06:13 (2321 turns).

Akrius the Sneak (Octopode Assassin)                Turns: 2321, Time: 00:06:15

Health: -2/35      AC:  1    Str: 10    XL:     5   Next: 7%
Magic:  5/5        EV: 12    Int: 13    God:
Gold:   122        SH:  0    Dex: 15    Spells: 0 memorised, 4 levels left

rFire  . . .     SeeInvis .     h - +1 short sword (drain)
rCold  . . .     Clarity  .     (no shield)
rNeg   . . .     SustAb   +     (helmet restricted)
rPois  .         Gourm    .     (no amulet)
rElec  .         Spirit   .     m - ring of sustain abilities
rCorr  .         Warding  .     (no ring)
rMut   .         Stasis   .     (no ring)
MR     .....                    (no ring)
Stlth  +++++.....               (no ring)
                                (no ring)
                                (no ring)
                                (no ring)

@: lethally poisoned (-2 -> -35), not resistant to hostile enchantments, quite
stealthy
A: almost no armour, amphibious, 8 rings, constrict 8, camouflage 1, gelatinous
body 1
a: no special abilities


You were on level 4 of the Dungeon.
You were not hungry.

You visited 1 branch of the dungeon, and saw 4 of its levels.

You collected 122 gold pieces.

Inventory:

Hand weapons
 a - a +2 dagger
 b - a +0 blowgun
 h - a +1 short sword of draining (weapon)
Missiles
 e - 32 poisoned needles
 f - 2 curare-tipped needles
Jewellery
 m - a ring of sustain abilities (left tentacle)
Scrolls
 c - 8 scrolls of remove curse {unknown}
 l - a scroll of enchant armour {unknown}
 p - a scroll of random uselessness {unknown}
 q - a scroll of amnesia {unknown}
 r - 2 scrolls of teleportation {unknown}
 s - a scroll of identify {unknown}
 t - a scroll of recharging {unknown}
 u - 2 scrolls of enchant weapon {unknown}
Potions
 d - a potion of invisibility {unknown}
 k - a potion of heal wounds {unknown}
 n - a potion of might {unknown}
 o - a potion of magic {unknown}
 v - a potion of resistance {unknown}
 w - a potion of restore abilities {unknown}
Comestibles
 g - 3 bread rations
 i - a meat ration
 j - a beef jerky


   Skills:
 + Level 2.4 Fighting
 + Level 2.8 Short Blades
 - Level 2.0 Throwing
 * Level 1.6 Dodging
 + Level 7.5 Stealth


You had 4 spell levels left.
You didn't know any spells.

Dungeon Overview and Level Annotations

Branches:
Dungeon (4/15)
 Temple: D:4-7

Altars:
Cheibriados
Fedhas
Gozag

Annotations:
D:4 Duvessa


Innate Abilities, Weirdness & Mutations

You cannot wear most types of armour.
You are amphibious.
You can wear up to eight rings at the same time.
You can use your tentacles to constrict many enemies at once.
Your skin changes colour to match your surroundings (Stealth).
Your rubbery body absorbs attacks (AC +1).


Message History

You are lethally poisoned!
The gnoll shouts!
You hit Duvessa but do no damage. You drain Duvessa! You grab Duvessa.
Duvessa is lightly wounded.
You constrict Duvessa.
You feel sick.
Duvessa hits you with a rapier of venom.
You are more poisoned.
You hit Duvessa.
Duvessa is moderately wounded.
You constrict Duvessa, but do no damage.
* * * LOW HITPOINT WARNING * * *
You feel very sick. Duvessa closely misses you.
You hit Duvessa.
Duvessa is heavily wounded.
You constrict Duvessa.
* * * LOW HITPOINT WARNING * * *
You feel sick.
Duvessa hits you with a rapier of venom!
You die...

#.>#.....a........####...##
..gg........................
..gg...............##...##
ggg...........###.### .
#...a.g...###.###..<#
#........r# #...###.#
#.$.....$...###.###.#
#..<......#r###...#.##
#...a.###....gZe@....b.#
##....#
#.....g#####..........
....... ....# #....##...
........ ... ..(..... .
........ . ....b####
.###..### #####.# #... .#
#.. .. .


You could see Duvessa, 2 gnolls, a quokka, a bat and a quokka skeleton.

Vanquished Creatures
  Ijyb (D:2)
  5 adders
  3 worms
  An orc (D:3)
  4 bats
  2 goblins (D:1)
  7 hobgoblins
  6 kobolds
  A quokka (D:2)
  6 giant cockroaches
  5 giant newts
  3 rats
44 creatures vanquished.

Notes
Turn   | Place    | Note
--------------------------------------------------------------
     0 | D:1      | Akrius, the Octopode Assassin, began the quest for the Orb.
     0 | D:1      | Reached XP level 1. HP: 14/14 MP: 1/1
    76 | D:1      | Reached XP level 2. HP: 13/19 MP: 2/2
   427 | D:2      | Reached skill level 6 in Stealth
   493 | D:2      | Found an opulent altar of Gozag.
   582 | D:2      | Reached XP level 3. HP: 24/24 MP: 3/3
   676 | D:2      | Noticed Ijyb
   680 | D:2      | Killed Ijyb
   846 | D:2      | Reached XP level 4. HP: 29/29 MP: 4/4
   858 | D:2      | Reached skill level 7 in Stealth
  1628 | D:3      | Found a snail-covered altar of Cheibriados.
  1772 | D:3      | Found a blossoming altar of Fedhas.
  1776 | D:3      | Reached XP level 5. HP: 35/35 MP: 5/5
  2311 | D:4      | Noticed Duvessa
  2321 | D:4      | Slain by Duvessa

Action                   |  1- 3 |  4- 6 || total
-------------------------+-------+-------++-------
Melee: Dagger            |    15 |       ||    15
       Short sword       |    22 |    32 ||    54
 Stab: Sleeping          |     8 |     8 ||    16
  Eat: Chunk             |       |     4 ||     4
